 Dungeon Crawl Stone Soup version 0.20-a0-760-g49f5558 (webtiles) character file.

773 polly the Ruffian (level 7, -3/52 HPs)
             Began as a Demonspawn Gladiator on Feb 25, 2017.
             Was a Believer of Wu Jian.
             Killed from afar by Dowan (12 damage)
             ... with a shard of ice
             ... on level 5 of the Dungeon.
             The game lasted 00:04:27 (3410 turns).

polly the Ruffian (Demonspawn Gladiator)            Turns: 3410, Time: 00:04:28

Health: -3/52      AC:  9    Str: 16    XL:     7   Next: 53%
Magic:  7/7        EV:  8    Int: 12    God:    Wu Jian [**....]
Gold:   189        SH:  0    Dex: 15    Spells: 6/6 levels left

rFire    . . .     SeeInvis .     - Unarmed
rCold    . . .     Gourm    .   t - +0 chain mail
rNeg     . . .     Faith    .   (no shield)
rPois    .         Spirit   .   (helmet restricted)
rElec    .         Reflect  .   (no cloak)
rCorr    .         Harm     .   (no gloves)
MR       .....                  (no boots)
Stlth    ..........             (no amulet)
Regen    0.2/turn               p - ring of loudness (curse)
MPRegen  0.1/turn               k - +3 ring of intelligence

@: glowing
A: horns 2, talons 2, rot immunity
a: Renounce Religion


You were on level 5 of the Dungeon.
You worshipped Wu Jian.
Wu Jian was pleased with you.
You were not hungry.

You visited 1 branch of the dungeon, and saw 5 of its levels.

You collected 189 gold pieces.

Inventory:

Missiles
 c - 3 throwing nets (quivered)
Armour
 a - a +0 leather armour
 b - a +0 helmet
 t - a +0 chain mail (worn)
Jewellery
 j - a +2 amulet of reflection {unknown}
 k - a +3 ring of intelligence (left hand)
 p - a cursed ring of loudness (right hand)
Scrolls
 f - 5 scrolls of remove curse {unknown}
 g - 2 scrolls of identify {unknown}
 h - a scroll of amnesia {unknown}
 l - 4 scrolls of fog {unknown}
 n - 2 scrolls of magic mapping {unknown}
 s - a scroll of enchant armour {unknown}
 v - a scroll of enchant weapon {unknown}
 w - a scroll of blinking {unknown}
 x - a scroll of teleportation {unknown}
Potions
 e - a potion of haste {unknown}
 o - a potion of brilliance {unknown}
 q - a potion of lignification {unknown}
 r - a potion of curing
 u - a potion of magic {unknown}
Comestibles
 d - 4 bread rations
 i - 4 meat rations
 m - a royal jelly
 z - a fruit
 A - 2 chunks of flesh


   Skills:
 + Level 3.3 Fighting
 + Level 2.0 Throwing
 + Level 3.6 Armour
 + Level 3.9 Dodging
 + Level 1.0 Stealth
 + Level 5.8 Unarmed Combat


You had 6 spell levels left.
You didn't know any spells.

Dungeon Overview and Level Annotations

Branches:
Dungeon (5/15)
 Temple: D:4-7

Altars:
Dithmenos
Nemelex Xobeh
Wu Jian
Zin

Annotations:
D:5 Dowan


Innate Abilities, Weirdness & Mutations

You have a pair of horns on your head.
You have razor-sharp toenails.
You are immune to rotting.


Message History

The centaur zombie is almost destroyed.
Dowan gestures at you while chanting. The shard of ice hits you!
* * * LOW HITPOINT WARNING * * *
The centaur zombie hits you but does no damage.
You punch the centaur zombie!
You destroy the centaur zombie!
The Council accepts your kill.
You can now perform a distracting airborne attack by moving against a solid obstacle.
Dowan says, "Her death will not be in vain!"
Dowan casts a spell.
Dowan blinks!
Unknown command.
You feel better.
Dowan shakes with grief.
Dowan casts a spell.
Dowan blinks!
Dowan points at you and mumbles some strange words.
The shard of ice hits you!
You die...

...... ...>.. #
#...###....#. .#####
.##.##..#........ .....
........<)....# #.$.##
#.<......#####....#
#.##....>§..##..#.#.#
##.##..e..#...#...... .
##.........#......##....
##..........<.@...)......
#.......#####...##.#.....
#.......######.......##..
#......†##.....#...###
##.........####......#
#.......#### .#....#
#.......# .#......
#........ ##....##
##........ #...#


You could see Dowan.

Vanquished Creatures
  The ghost of loser178 the Shield-Bearer, an amateur FoFi (D:4)
  Duvessa (D:5)
  A bullfrog (D:5)
  A quasit (D:4)
  A centaur zombie (D:5)
  3 hounds (D:4)
  2 orc wizards (D:3)
  A centaur skeleton (D:4)
  A worker ant (D:5)
  A worker ant zombie (D:5)
  5 adders
  2 dart slugs
  3 leopard geckos
  10 orcs
  A ball python (D:2)
  5 giant cockroaches
  2 goblins
  6 hobgoblins
  10 jackals
  10 bats
  5 frilled lizards
  3 kobolds
  A quokka skeleton (D:4)
  7 rats
83 creatures vanquished.

Notes
Turn   | Place    | Note
-------+----------+-------------------------------------------
     0 | D:1      | polly the Demonspawn Gladiator began the quest for the Orb.
     0 | D:1      | Reached XP level 1. HP: 16/16 MP: 1/1
   275 | D:1      | Gained mutation: You are immune to rotting. [demonic ancestry]
   275 | D:1      | Reached XP level 2. HP: 22/22 MP: 2/2
   501 | D:2      | Reached skill level 3 in Unarmed Combat
   602 | D:2      | Gained mutation: You have sharp toenails. [demonic ancestry]
   602 | D:2      | Reached XP level 3. HP: 20/27 MP: 3/3
   759 | D:2      | Found a shadowy altar of Dithmenos.
   769 | D:2      | Found an ornate altar of the Wu Jian Council.
   856 | D:2      | Became a worshipper of the Wu Jian Council
  1361 | D:3      | Found a glowing silver altar of Zin.
  1378 | D:3      | Found a faded altar of an unknown god.
  1417 | D:3      | Reached skill level 1 in Armour
  1417 | D:3      | Gained mutation: You have a pair of small horns on your head. [demonic ancestry]
  1417 | D:3      | Reached XP level 4. HP: 20/34 MP: 4/4
  1832 | D:3      | Reached * piety under Wu Jian
  1838 | D:3      | Gained mutation: You have a pair of horns on your head. [demonic ancestry]
  1838 | D:3      | Reached XP level 5. HP: 32/39 MP: 5/5
  1846 | D:3      | Reached skill level 4 in Unarmed Combat
  2413 | D:4      | Noticed loser178's ghost (amateur FoFi)
  2516 | D:4      | Gained mutation: You have razor-sharp toenails. [demonic ancestry]
  2516 | D:4      | Reached XP level 6. HP: 22/46 MP: 6/6
  2850 | D:4      | Found a sparkling altar of Nemelex Xobeh.
  2894 | D:4      | Killed loser178's ghost
  2894 | D:4      | Reached skill level 1 in Stealth
  2894 | D:4      | Reached skill level 5 in Unarmed Combat
  3218 | D:4      | Reached XP level 7. HP: 51/52 MP: 7/7
  3341 | D:5      | Entered Level 5 of the Dungeon
  3382 | D:5      | Noticed Duvessa
  3382 | D:5      | Noticed Dowan
  3394 | D:5      | Killed Duvessa
  3405 | D:5      | HP: 1/52 [Dowan/shard of ice (17)]
  3406 | D:5      | Reached ** piety under Wu Jian
  3410 | D:5      | Killed from afar by Dowan

Vault maps used:
D:1:      lemuel_arrival_broad_hall
D:2:      kennysheep_six_static_rooms, amethyst_overflow_temple_binary
D:3:      lemuel_round_altar, chequers_ecumenical_altar_simple_redux
D:4:      nemelex_xobeh_ov_fountains_minmay, first_bread
D:5:      minmay_temple_entry_mist, uniq_prince_ribbit1, uniq_eustachio,
          uniq_duvessa

Skill      XL: |  1  2  3  4  5  6  7 |
---------------+----------------------+-----
Throwing       | 2 |  2.0
Dodging        | 3 |  3.9
Unarmed Combat | 3 4 5 |  5.8
Armour         | 1 2 3 |  3.6
Stealth        | 1 |  1.0
Fighting       | 3 |  3.3

Action                   |  1- 3 |  4- 6 |  7- 9 || total
-------------------------+-------+-------+-------++-------
Melee: Unarmed           |   146 |   196 |    47 ||   389
       Punch             |     3 |     2 |       ||     5
       Kick              |    18 |    56 |    22 ||    96
       Headbutt          |       |    34 |    12 ||    46
  Use: Potion            |       |     1 |     2 ||     3
 Stab: Sleeping          |     1 |       |       ||     1
  Eat: Chunk             |     1 |     5 |     2 ||     8
Armor: Leather armour    |    36 |       |       ||    36
       Chain mail        |       |   126 |    46 ||   172
Dodge: Dodged            |   130 |    83 |    33 ||   246
